APP
DETROIT (APP) TIGERS @ BALTIMORE (APP) ORIOLES
10/29/2047
 
TOP OF THE 1ST
Charleston RiverDogs batting - Pitching for Bowling Green Hot Rods : RHP David Breaux
Pitching: RHP David Breaux
Batting: RHB Orlando Melchor 0-0: Ground out 6-3 (Groundball, 6, EV 105.6 MPH)
Batting: SHB Justin Toth 0-0: Ground out 6-3 (Groundball, 6MS, EV 66.3 MPH)
Batting: RHB Andres Valles 0-0: Ball
1-0: Called Strike
1-1: Swinging Strike
1-2: Ball
2-2: Strikes out swinging
Top of the 1st over - 0 runs, 0 hits, 0 errors, 0 left on base; Charleston 0 - Bowling Green 0
BOTTOM OF THE 1ST
Bowling Green Hot Rods batting - Pitching for Charleston RiverDogs : RHP Jason Gustafson
Pitching: RHP Jason Gustafson
Batting: LHB Dan Hunt 0-0: Ground out U3 (Groundball, 3L, EV 80.0 MPH)
Batting: LHB Kevin Kantor 0-0: Foul Ball, location: 2F
0-1: Ball
1-1: Foul Ball, location: 2F
1-2: Fly out, F7 (Flyball, 7LS, EV 89.4 MPH)
Batting: LHB Austin Ohmer 0-0: Ground out 6-3 (Groundball, 6S, EV 84.4 MPH)
Bottom of the 1st over - 0 runs, 0 hits, 0 errors, 0 left on base; Charleston 0 - Bowling Green 0
TOP OF THE 2ND
Charleston RiverDogs batting - Pitching for Bowling Green Hot Rods : RHP David Breaux
Batting: SHB David Bantista 0-0: Foul Ball, location: 2F
0-1: Ball
1-1: Ground out 4-3 (Groundball, 4, EV 88.8 MPH)
Batting: LHB Justin Covington 0-0: Swinging Strike
0-1: Ball
1-1: Called Strike
1-2: Foul Ball, location: 2F
1-2: Foul Ball, location: 2F
1-2: Foul Ball, location: 2F
1-2: Strikes out looking
Batting: RHB John Rodd 0-0: Fly out, F9 (Flyball, 89M, EV 93.1 MPH)
Top of the 2nd over - 0 runs, 0 hits, 0 errors, 0 left on base; Charleston 0 - Bowling Green 0
BOTTOM OF THE 2ND
Bowling Green Hot Rods batting - Pitching for Charleston RiverDogs : RHP Jason Gustafson
Batting: RHB Steve French 0-0: Called Strike
0-1: Ball
1-1: Ball
2-1: Ball
3-1: SINGLE (Flyball, 9S, EV 94.4 MPH)
Batting: RHB Wing-kit Bu 0-0: Swinging Strike
0-1: Called Strike
0-2: Foul Ball, location: 2F
0-2: Ball
1-2: Strikes out swinging
Batting: RHB Kevin Benfield 0-0: Swinging Strike
0-1: Called Strike
0-2: Strikes out swinging
Batting: RHB Jonathan Fraire 0-0: SINGLE (Groundball, 56D, EV 97.5 MPH)
Steve French to second
Batting: RHB Chris Glavin 0-0: Ground out 5-3 (Groundball, 56S, EV 85.0 MPH)
Bottom of the 2nd over - 0 runs, 2 hits, 0 errors, 2 left on base; Charleston 0 - Bowling Green 0
TOP OF THE 3RD
Charleston RiverDogs batting - Pitching for Bowling Green Hot Rods : RHP David Breaux
Batting: LHB Ryan Rodgers 0-0: Ball
1-0: Foul Ball, location: 2F
1-1: Called Strike
1-2: Strikes out swinging
Batting: RHB Jose Garza 0-0: Ground out 4-3 (Groundball, 4, EV 84.4 MPH)
Batting: RHB Devon Utley 0-0: Called Strike
0-1: Foul Ball, location: 2F
0-2: Foul Ball, location: 2F
0-2: Ball
1-2: Strikes out looking
Top of the 3rd over - 0 runs, 0 hits, 0 errors, 0 left on base; Charleston 0 - Bowling Green 0
BOTTOM OF THE 3RD
Bowling Green Hot Rods batting - Pitching for Charleston RiverDogs : RHP Jason Gustafson
Batting: RHB Dusty Camelli 0-0: Called Strike
0-1: Called Strike
0-2: Ball
1-2: Strikes out swinging
Batting: LHB Dan Hunt 0-0: Ball
1-0: Ground out U3 (Groundball, 34S, EV 78.1 MPH)
Batting: LHB Kevin Kantor 0-0: SINGLE (Line Drive, 89S, EV 109.4 MPH)
Batting: LHB Austin Ohmer 0-0: Ball
1-0: Ball
2-0: Foul Ball, location: 2F
2-1: Fly out, F7 (Line Drive, 7LS, EV 106.9 MPH)
Bottom of the 3rd over - 0 runs, 1 hit, 0 errors, 1 left on base; Charleston 0 - Bowling Green 0
TOP OF THE 4TH
Charleston RiverDogs batting - Pitching for Bowling Green Hot Rods : RHP David Breaux
Batting: RHB Orlando Melchor 0-0: Called Strike
0-1: Foul Ball, location: 2F
0-2: Ground out 5-3 (Groundball, 5L, EV 78.1 MPH)
Batting: SHB Justin Toth 0-0: Ball
1-0: Swinging Strike
1-1: Ball
2-1: Ball
3-1: Base on Balls
Batting: RHB Andres Valles 0-0: Ball
1-0: Foul Ball, location: 2F
1-1: Ball
2-1: Foul Ball, location: 2F
2-2: Strikes out swinging
Batting: SHB David Bantista 0-0: Called Strike
0-1: Ball
1-1: Foul Ball, location: 2F
1-2: Foul Ball, location: 2F
1-2: Foul Ball, location: 2F
1-2: Ground out 4-3 (Groundball, 4D, EV 108.8 MPH)
Top of the 4th over - 0 runs, 0 hits, 0 errors, 1 left on base; Charleston 0 - Bowling Green 0
BOTTOM OF THE 4TH
Bowling Green Hot Rods batting - Pitching for Charleston RiverDogs : RHP Jason Gustafson
Batting: RHB Steve French 0-0: Called Strike
0-1: Swinging Strike
0-2: Foul Ball, location: 2F
0-2: Ball
1-2: Ball
2-2: Strikes out looking
Batting: RHB Wing-kit Bu 0-0: Ball
1-0: Swinging Strike
1-1: Foul Ball, location: 2F
1-2: Strikes out swinging
Batting: RHB Kevin Benfield 0-0: DOUBLE (Groundball, 5L, EV 103.1 MPH)
Batting: RHB Jonathan Fraire 0-0: Fly out, F6 (Line Drive, 6, EV 63.1 MPH)
Bottom of the 4th over - 0 runs, 1 hit, 0 errors, 1 left on base; Charleston 0 - Bowling Green 0
TOP OF THE 5TH
Charleston RiverDogs batting - Pitching for Bowling Green Hot Rods : RHP David Breaux
Batting: LHB Justin Covington 0-0: Ball
1-0: Ground out 3-1 (Groundball, 34S, EV 80.6 MPH)
Batting: RHB John Rodd 0-0: Foul Ball, location: 2F
0-1: Ball
1-1: Ground out 6-3 (Groundball, 6, EV 89.4 MPH)
Batting: LHB Ryan Rodgers 0-0: Called Strike
0-1: Ball
1-1: Ball
2-1: Swinging Strike
2-2: Strikes out swinging
Top of the 5th over - 0 runs, 0 hits, 0 errors, 0 left on base; Charleston 0 - Bowling Green 0
BOTTOM OF THE 5TH
Bowling Green Hot Rods batting - Pitching for Charleston RiverDogs : RHP Jason Gustafson
Batting: RHB Chris Glavin 0-0: Called Strike
0-1: Ball
1-1: Ball
2-1: Foul Ball, location: 2F
2-2: Foul Ball, location: 2F
2-2: Strikes out looking
Batting: RHB Dusty Camelli 0-0: Ball
1-0: Ground out 6-3 (Groundball, 6D, EV 84.4 MPH)
Batting: LHB Dan Hunt 0-0: Called Strike
0-1: Foul Ball, location: 2F
0-2: Strikes out swinging
Bottom of the 5th over - 0 runs, 0 hits, 0 errors, 0 left on base; Charleston 0 - Bowling Green 0
TOP OF THE 6TH
Charleston RiverDogs batting - Pitching for Bowling Green Hot Rods : RHP David Breaux
Batting: RHB Jose Garza 0-0: Ground out 4-3 (Groundball, 4, EV 78.8 MPH)
Batting: RHB Devon Utley 0-0: Ball
1-0: Swinging Strike
1-1: Ball
2-1: Called Strike
2-2: Strikes out swinging
Batting: RHB Orlando Melchor 0-0: Called Strike
0-1: Swinging Strike
0-2: Strikes out swinging
Top of the 6th over - 0 runs, 0 hits, 0 errors, 0 left on base; Charleston 0 - Bowling Green 0
BOTTOM OF THE 6TH
Bowling Green Hot Rods batting - Pitching for Charleston RiverDogs : RHP Jason Gustafson
Batting: LHB Kevin Kantor 0-0: Swinging Strike
0-1: Ball
1-1: Called Strike
1-2: Foul Ball, location: 2F
1-2: Foul Ball, location: 2F
1-2: Ground out 1-3 (Groundball, 13, EV 65.6 MPH)
Batting: LHB Austin Ohmer 0-0: Fly out, F8 (Line Drive, 8LS, EV 91.3 MPH)
Batting: RHB Steve French 0-0: Called Strike
0-1: Called Strike
0-2: Ground out 6-3 (Groundball, P, EV 84.4 MPH)
Bottom of the 6th over - 0 runs, 0 hits, 0 errors, 0 left on base; Charleston 0 - Bowling Green 0
TOP OF THE 7TH
Charleston RiverDogs batting - Pitching for Bowling Green Hot Rods : RHP David Breaux
Batting: SHB Justin Toth 0-0: Foul Ball, location: 2F
0-1: Ball
1-1: Foul Ball, location: 2F
1-2: Foul Ball, location: 2F
1-2: Ball
2-2: Strikes out swinging
Batting: RHB Andres Valles 0-0: Foul Ball, location: 2F
0-1: Called Strike
0-2: Strikes out swinging
Batting: SHB David Bantista 0-0: Ground out 2-3 (Groundball, 15S, EV 68.8 MPH)
Top of the 7th over - 0 runs, 0 hits, 0 errors, 0 left on base; Charleston 0 - Bowling Green 0
BOTTOM OF THE 7TH
Bowling Green Hot Rods batting - Pitching for Charleston RiverDogs : RHP Jason Gustafson
Batting: RHB Wing-kit Bu 0-0: Ball
1-0: Foul Ball, location: 2F
1-1: Ground out U3 (Groundball, 34, EV 80.0 MPH)
Batting: RHB Kevin Benfield 0-0: Called Strike
0-1: Ground out 3-1 (Groundball, 34S, EV 84.4 MPH)
Batting: RHB Jonathan Fraire 0-0: Called Strike
0-1: Foul Ball, location: 2F
0-2: Fly out, F5 (Popup, 5SF, EV 68.8 MPH)
Bottom of the 7th over - 0 runs, 0 hits, 0 errors, 0 left on base; Charleston 0 - Bowling Green 0
TOP OF THE 8TH
Charleston RiverDogs batting - Pitching for Bowling Green Hot Rods : RHP David Breaux
Batting: LHB Justin Covington 0-0: Ball
1-0: Called Strike
1-1: Foul Ball, location: 2F
1-2: Foul Ball, location: 2F
1-2: Ball
2-2: Foul Ball, location: 2F
2-2: Ground out 4-3 (Groundball, 4, EV 85.6 MPH)
Pinch Hitting: LHB Carlos Mosqueda 0-0: Ball
1-0: Ball
2-0: Foul Ball, location: 2F
2-1: Swinging Strike
2-2: Ball
3-2: Strikes out swinging
Batting: LHB Ryan Rodgers 0-0: Ground out U3 (Groundball, 34, EV 81.9 MPH)
Top of the 8th over - 0 runs, 0 hits, 0 errors, 0 left on base; Charleston 0 - Bowling Green 0
BOTTOM OF THE 8TH
Bowling Green Hot Rods batting - Pitching for Charleston RiverDogs : RHP Jason Gustafson
Now at 3B: Roberto Castaneda
Batting: RHB Chris Glavin 0-0: Ground out 5-3 (Groundball, 56, EV 105.0 MPH)
Batting: RHB Dusty Camelli 0-0: Ball
1-0: Ground out 6-3 (Groundball, 56, EV 108.8 MPH)
Batting: LHB Dan Hunt 0-0: Ball
1-0: Ball
2-0: Called Strike
2-1: Ground out 4-3 (Groundball, 34, EV 91.9 MPH)
Bottom of the 8th over - 0 runs, 0 hits, 0 errors, 0 left on base; Charleston 0 - Bowling Green 0
TOP OF THE 9TH
Charleston RiverDogs batting - Pitching for Bowling Green Hot Rods : RHP David Breaux
Batting: RHB Jose Garza 0-0: Foul Ball, location: 2F
0-1: Foul Ball, location: 2F
0-2: Ball
1-2: Ball
2-2: Strikes out swinging
Batting: RHB Devon Utley 0-0: Ball
1-0: Ball
2-0: Foul Ball, location: 2F
2-1: Swinging Strike
2-2: Foul Ball, location: 2F
2-2: SINGLE (Line Drive, 3D, EV 98.1 MPH)
Pitching: LHP Sam Wesman
Batting: RHB Orlando Melchor 0-0: Called Strike
0-1: Ball
1-1: Grounds into double play, 4-6-3 (Groundball, 4, EV 88.8 MPH)
Top of the 9th over - 0 runs, 1 hit, 0 errors, 0 left on base; Charleston 0 - Bowling Green 0
BOTTOM OF THE 9TH
Bowling Green Hot Rods batting - Pitching for Charleston RiverDogs : RHP Jason Gustafson
Pitching: RHP Jimmy Williams
Batting: LHB Kevin Kantor 0-0: Ball
1-0: Fly out, F3 (Line Drive, 3, EV 69.4 MPH)
Batting: LHB Austin Ohmer 0-0: Called Strike
0-1: SINGLE (Line Drive, 78S, EV 95.0 MPH)
Batting: RHB Steve French 0-0: Ball
1-0: Called Strike
1-1: Foul Ball, location: 2F
1-2: Strikes out swinging
Austin Ohmer steals 2nd, throwing error, E2
Austin Ohmer to third
Batting: RHB Wing-kit Bu 0-0: Intentional Walk
Batting: RHB Kevin Benfield 0-0: Ball
1-0: Called Strike
1-1: Swinging Strike
1-2: Ball
2-2: Fly out, F9 (Flyball, 9LM, EV 86.3 MPH)
Bottom of the 9th over - 0 runs, 1 hit, 1 error, 2 left on base; Charleston 0 - Bowling Green 0
TOP OF THE 10TH
Charleston RiverDogs batting - Pitching for Bowling Green Hot Rods : LHP Sam Wesman
Batting: SHB Justin Toth 0-0: Foul Ball, location: 2F
0-1: Ball
1-1: Swinging Strike
1-2: DOUBLE (Line Drive, 9LS, EV 109.4 MPH)
Batting: RHB Andres Valles 0-0: Intentional Walk
Batting: SHB David Bantista 0-0: Swinging Strike
0-1: Foul Ball, location: 2F
0-2: Strikes out looking
Pinch Hitting: RHB Jeremy Hathcock 0-0: Foul Ball, location: 2F
0-1: Called Strike
0-2: Ball
1-2: Foul Ball, location: 2F
1-2: Ball
2-2: Ball
3-2: Foul Ball, location: 2F
3-2: Base on Balls
Justin Toth to third
Andres Valles to second
Batting: SHB Roberto Castaneda 0-0: Fly out, F7 (Line Drive, 7, EV 100.6 MPH)
Runner from 3rd tags up, SCORES, no throw by LF
Pinch Hitting: RHB Ryan Alban 0-0: Foul Ball, location: 2F
0-1: Foul Ball, location: 2F
0-2: Ball
1-2: DOUBLE (Line Drive, 89D, EV 102.5 MPH)
Andres Valles scores
Jeremy Hathcock to third
Runner from 3rd tries for Home, SAFE, no throw by RF
Batting: RHB Jose Garza 0-0: Ground out 6-3 (Groundball, 56, EV 86.3 MPH)
Top of the 10th over - 3 runs, 2 hits, 0 errors, 1 left on base; Charleston 3 - Bowling Green 0
BOTTOM OF THE 10TH
Bowling Green Hot Rods batting - Pitching for Charleston RiverDogs : RHP Jimmy Williams
Now at C: Plácido Barrrenho
Now in CF: Jeremy Hathcock
Batting: RHB Jonathan Fraire 0-0: Ball
1-0: Called Strike
1-1: Foul Ball, location: 2F
1-2: Strikes out looking
Batting: RHB Chris Glavin 0-0: Ground out U3 (Groundball, 34, EV 87.5 MPH)
Batting: RHB Dusty Camelli 0-0: Ground out 5-3 (Groundball, 5, EV 85.0 MPH)
Bottom of the 10th over - 0 runs, 0 hits, 0 errors, 0 left on base; Charleston 3 - Bowling Green 0
Thursday, December 15th , 2022 - OOTP Baseball 23.9 Build 102